 Dungeon Crawl Stone Soup version 0.19.0 (webtiles) character file.

310 Gorglomux the Ruffian (level 6, 0/55 (56) HPs)
             Began as a Ghoul Monk on Nov 1, 2016.
             Slain by an orc
             ... wielding a +0 short sword
              (3 damage)
             ... on level 3 of the Dungeon.
             The game lasted 00:03:31 (1972 turns).

Gorglomux the Ruffian (Ghoul Monk)                  Turns: 1972, Time: 00:03:32

HP:   0/55 (56)     AC:  2    Str: 17    XL:     6   Next: 41%
MP:   14/14         EV: 12    Int:  5    God:
Gold: 104           SH:  0    Dex: 11    Spells: 0 memorised, 5 levels left

rFire  . . .     SeeInvis .       - Unarmed
rCold  + . .     Gourm    .     a - +0 robe
rNeg   + + +     Faith    .     (no shield)
rPois  ∞         Spirit   .     (no helmet)
rElec  .         Reflect  .     (no cloak)
rCorr  .         Harm     .     (no gloves)
MR     .....                    (no boots)
Stlth  ++........               (no amulet)
                                (no ring)
                                i - ring of magical power

@: rotting
A: rotting body, claws 1, carnivore 3, cold resistance 1, negative energy
resistance 3, slow regeneration 1, torment resistance, unbreathing
a: no special abilities


You were on level 3 of the Dungeon.
You were not hungry.

You visited 1 branch of the dungeon, and saw 3 of its levels.

You collected 104 gold pieces.

Inventory:

Armour
 a - a +0 robe (worn)
Jewellery
 i - a ring of magical power (left claw)
Scrolls
 c - 2 scrolls of blinking {unknown}
 d - a scroll of remove curse {unknown}
 e - a scroll of teleportation {unknown}
 h - a scroll of random uselessness {unknown}
 l - a scroll of immolation {unknown}
 m - a scroll of identify {unknown}
Potions
 g - a potion of brilliance {unknown}
 j - a potion of curing
Comestibles
 b - a meat ration
 f - a beef jerky
 k - a slice of pizza


   Skills:
 + Level 5.1 Fighting
 - Level 2.6 Dodging
 - Level 2.1 Stealth
 * Level 6.6 Unarmed Combat


You had 5 spell levels left.
You didn't know any spells.

Dungeon Overview and Level Annotations

Branches:
Dungeon (3/15)

Altars:


Innate Abilities, Weirdness & Mutations

Your body is rotting away.
You thrive on raw meat.
You are immune to poison.
You have sharp fingernails.
You are carnivorous and can eat meat at any time.
Your flesh is cold resistant. (rC+)
You are immune to negative energy. (rN+++)
You regenerate slowly when monsters are visible.
You are immune to unholy pain and torment.
You can survive without breathing.


Message History

* * * LOW HITPOINT WARNING * * *
The orc priest barely misses you.
You scratch the orc priest.
The orc priest is almost dead.
The frilled lizard barely misses you. The orc misses you.
The orc priest hits you with a hand axe.
* * * LOW HITPOINT WARNING * * *
You scratch the orc priest.
You kill the orc priest!
The frilled lizard barely misses you. The orc completely misses you.
You barely miss the frilled lizard. The frilled lizard bites you.
* * * LOW HITPOINT WARNING * * *
You barely miss the frilled lizard.
The frilled lizard bites you but does no damage.
You miss the frilled lizard. The frilled lizard bites you.
* * * LOW HITPOINT WARNING * * *
You scratch the orc.
The orc is moderately wounded.
The orc hits you with a short sword.
You die...

......... ..#...... #.
##.#..#.#.#. #.# #
#......###.. #.#
#.#..#..#.#.#.. #.#
####.#..#.........##.#
......)..............#
#..).l....#.##.#..###
...$###@#.####.##.......
# #o#.# #.#####.###
.###...####.#####.# #
#.....!..<.........#
#####.#.############
#.#.# #.#.# ....# #.###


You could see an orc and a frilled lizard.

Vanquished Creatures
  Sigmund (D:2)
  An orc priest (D:3)
  An orc wizard (D:3)
  Jessica (D:2)
  4 worms (D:2)
  A leopard gecko (D:2)
  10 bats
  2 giant cockroaches
  4 goblins (D:2)
  5 hobgoblins
  5 jackals
  4 kobolds
  2 quokkas (D:2)
  3 frilled lizards (D:1)
  4 rats
48 creatures vanquished.

Notes
Turn   | Place    | Note
-------+----------+-------------------------------------------
     0 | D:1      | Gorglomux the Ghoul Monk began the quest for the Orb.
     0 | D:1      | Reached XP level 1. HP: 19/19 MP: 0/0
   260 | D:1      | Reached XP level 2. HP: 24/25 MP: 1/1
   593 | D:2      | Reached skill level 4 in Unarmed Combat
   816 | D:2      | Reached XP level 3. HP: 30/33 MP: 2/2
  1154 | D:2      | Noticed Jessica
  1166 | D:2      | Killed Jessica
  1166 | D:2      | Reached XP level 4. HP: 30/40 MP: 3/3
  1326 | D:2      | Noticed Sigmund
  1352 | D:2      | Reached skill level 5 in Unarmed Combat
  1469 | D:2      | Killed Sigmund
  1469 | D:2      | Reached skill level 6 in Unarmed Combat
  1469 | D:2      | Reached XP level 5. HP: 22/47 MP: 4/4
  1469 | D:2      | Reached XP level 6. HP: 26/55 MP: 5/5
  1953 | D:3      | Reached skill level 5 in Fighting
  1972 | D:3      | Slain by an orc

Skill      XL: |  1  2  3  4  5  6 |
---------------+-------------------+-----
Unarmed Combat | 4 6 |  6.6
Fighting       | 4 5 |  5.1
Dodging        | |  2.6
Stealth        | |  2.1

Action                   |  1- 3 |  4- 6 || total
-------------------------+-------+-------++-------
Melee: Unarmed           |    96 |    76 ||   172
       Punch             |     2 |     3 ||     5
 Stab: Sleeping          |     3 |       ||     3
  Eat: Chunk             |     2 |     2 ||     4
Armor: Robe              |    32 |    12 ||    44
Dodge: Dodged            |    60 |    45 ||   105
